 Dungeon Crawl Stone Soup version 0.30-b1-2-g02819fbbbe (webtiles) character file.

Game seed: 17412706023802065516

54950 MrMobius the Severer (level 14, -8/195 HPs)
             Began as a Minotaur Berserker on July 11, 2023.
             Was an Elder of Trog.
             Mangled by an ettin
             ... wielding a +0 dire flail
              (15 damage)
             ... on level 1 of the Depths on July 12, 2023.
             The game lasted 03:49:03 (17440 turns).

MrMobius the Severer (Minotaur Berserker)          Turns: 17440, Time: 03:49:04

Health: -8/195     AC: 27    Str: 22    XL:     14   Next: 36%
Magic:  13/13      EV:  2    Int:  3    God:    Trog [****..]
Gold:   286        SH:  5    Dex: 16    Spells: 13/13 levels left

rFire   . . .        E - +0 battleaxe (spect)
rCold   . . .        (shield currently unavailable)
rNeg    . . .        x - melded +3 plate armour
rPois   +            (helmet currently unavailable)
rElec   .            A - melded +1 cloak {rPois}
rCorr   +            w - melded +0 pair of gloves
SInv    .            r - melded +0 pair of boots
Will    +....        z - amulet of reflection
Stlth   +            D - ring of resist corrosion
HPRegen 0.52/turn    F - ring of flight
MPRegen 0.13/turn

%: reflection
@: tree-form, on berserk cooldown, hasted and slowed, unable to drink
A: stationary, stasis, torment immunity, boosted hp, (horns 2), (retaliatory
headbutt), agile 1, weak 1, inability to drink after injury 1
a: Renounce Religion, Berserk, Trog's Hand, Brothers in Arms


You were on level 1 of the Depths.
You worshipped Trog.
Trog was greatly pleased with you.
You were a tree.
You visited 3 branches of the dungeon, and saw 17 of its levels.

You collected 1181 gold pieces.
You spent 895 gold pieces at shops.

Inventory:

Hand Weapons
 a - the +7 war axe "Urimemm" {flame, rC++ Dex-4}
   (You bought it in a shop on level 3 of the Dungeon)

   Dex:       It affects your dexterity (-4).
   rC:        It greatly protects you from cold.
 b - a +1 shortbow of flaming
 u - a +0 arbalest
 E - a +0 spectral battleaxe (weapon)
Missiles
 c - 139 stones
 f - 5 boomerangs
 v - 23 poisoned darts
Armour
 i - a +0 buckler
 r - a +0 pair of boots (melded)
 w - a +0 pair of gloves (melded)
 x - a +3 plate armour (melded)
 A - a +1 cloak of poison resistance (melded)
Jewellery
 z - an amulet of reflection (around neck)
 D - a ring of resist corrosion (left branch)
 F - a ring of flight (right branch)
Wands
 e - a wand of charming (5)
 p - a wand of digging (7)
 G - a wand of iceblast (1)
 I - a wand of flame (14)
Scrolls
 d - 9 scrolls of noise
 h - 2 scrolls of magic mapping
 o - a scroll of blinking
 q - 3 scrolls of immolation
 t - a scroll of brand weapon
 y - 2 scrolls of fog
 B - 3 scrolls of identify
 C - 2 scrolls of teleportation
Potions
 g - a potion of haste
 j - 2 potions of invisibility
 k - a potion of attraction
 l - 3 potions of flight
 m - 2 potions of lignification
 n - a potion of magic
 s - 3 potions of brilliance


   Skills:
 + Level 13.9 Fighting
 - Level 2.5 Long Blades
 - Level 17.5 Axes
 - Level 5.5 Ranged Weapons
 * Level 13.2 Armour
 * Level 14.2 Dodging


You had 13 spell levels left.
You didn't know any spells.
Your spell library contained the following spells:

 Spells                   Type           Power      Damage    Failure   Level
 Beastly Appendage        Tmut           0%         N/A       52%         1
 Sting                    Tmut/Pois      0%         1d3       52%         1
 Poisonous Vapours        Pois/Air       0%         N/A       67%         2
 Wereblood                Tmut           0%         N/A       67%         2
 Call Canine Familiar     Summ           0%         N/A       88%         3
 Portal Projectile        Hex/Tloc       0%         N/A       88%         3
 Spider Form              Tmut/Pois      0%         N/A       88%         3
 Animate Armour           Summ/Erth      0%         N/A       99%         4
 Leda's Liquefaction      Hex/Erth       0%         N/A       99%         4
 Olgreb's Toxic Radiance  Pois           0%         N/A       99%         4
 Metabolic Englaciation   Hex/Ice        0%         N/A       100%        5
 Iron Shot                Conj/Erth      0%         9d1       100%        6


Dungeon Overview and Level Annotations

Branches:
Dungeon (15/15)            Temple (1/1) D:4            Lair (0/5) D:10
    Orc (0/2) D:9          Vaults (0/5) D:13         Depths (1/4) D:15

Altars:
Ashenzari
Cheibriados
Dithmenos
Elyvilon
Fedhas
Gozag
Hepliaklqana
Kikubaaqudgha
Makhleb
Nemelex Xobeh
Okawaru
Qazlal
Ru
Sif Muna
Trog
Uskayaw
Vehumet
Wu Jian
Xom
Yredelemnul
Zin
The Shining One

Shops:
D:3 (   D:7 !:   D:10 [   D:14 *

Portals:
Hell: Depths:1
Ziggurat: Depths:1
Trove: D:10 (give 5 scrolls of blinking)

Annotations:
D:2 Robin, Sigmund
D:10 exclusion: oklob plant
D:14 Roxanne


Innate Abilities, Weirdness & Mutations

You are a tree.
Your roots penetrate the ground, keeping you stationary.
You cannot be teleported.
You are immune to unholy pain and torment.
Your maximum health is greatly increased.
Your equipment is partially melded.
((You have a pair of horns on your head.))
((You reflexively headbutt those who attack you in melee.))
You are agile. (Dex +4, Str/Int -1)
You are weak. (Str -2)
You occasionally lose the ability to drink potions when taking damage.


Message History

The deep troll shaman is heavily wounded.
You slash the deep troll shaman!
You kill the deep troll shaman!
Trog accepts your kill.
Your +0 spectral battleaxe closely misses the deep troll shaman.
The deep troll shaman bites you but does no damage.
The deep troll shaman claws you but does no damage. x2
The deep troll shaman bites you but does no damage.
The deep troll shaman claws you!
The deep troll shaman claws you but does no damage.
You slice the deep troll shaman!!
The deep troll shaman is almost dead.
Your +0 spectral battleaxe hits the deep troll shaman!
You kill the deep troll shaman!
Trog accepts your kill.
The troll leather armour is intact enough to wear.
Your +0 spectral battleaxe hits the fire giant.
The fire giant hits your +0 spectral battleaxe with a +1 great sword of flaming!
Your spectral weapon shares its damage with you!
The fire giant burns your +0 spectral battleaxe.
* * * LOW HITPOINT WARNING * * *
The stone giant closely misses your +0 spectral battleaxe.
Your +0 spectral battleaxe disappears.
The fire giant points at you and mumbles some strange words.
The fireball explodes!
The fireball engulfs you!
* * * LOW HITPOINT WARNING * * *
A frost giant comes into view.
It is wielding a +3 great mace of venom.
The stone giant throws a large rock.
The large rock hits you.
* * * LOW HITPOINT WARNING * * *
You hit the ettin.
The ettin is lightly wounded.
Your +0 spectral battleaxe hits the ettin!
Your +0 spectral battleaxe barely misses the fire giant.
Your +0 spectral battleaxe barely misses the stone giant.
The fire giant barely misses your +0 spectral battleaxe.
The ettin hits you with a +0 dire flail!!
You feel threatened and lose the ability to drink potions!
* * * LOW HITPOINT WARNING * * *
The ettin hits you with a +0 dire flail!
You die...

####### ####.....#
#........# #........#
#........# #...∩....#
#........# #........#
#### #....C(♣## ##.###
###...CC##
##...####.......#
......#........C#### ##
.)....##..........Q##..C#
†....##............'T.#
.†[...............u'C##
.............#.....'..#
.....§§....###.....##...#


You could see a frost giant, a fire giant, a stone giant, an ettin and a
friendly +0 spectral battleaxe.

Vanquished Creatures
  A lich (Depths:1)
  Frances (D:14)
  5 very ugly things (Depths:1)
  Nessos (D:13)
  The ghost of Erocs the Martial Artist, a journeyman GnTm of Okawaru (D:11)
  An ogre mage (D:10)
  6 centaur warriors
  2 hydras
  2 boulder beetles
  A catoblepas (D:13)
  4 two-headed ogres
  2 deep troll shamans (Depths:1)
  3 tengu warriors
  2 vampire magi
  A spriggan berserker (Depths:1)
  A deep elf knight (D:13)
  A deep troll (shapeshifter) (D:13)
  2 skeletal warriors (D:15)
  A wizard (D:13)
  2 deep elf pyromancers (D:12)
  A necromancer (D:15)
  The ghost of arta456 the Destroyer, a novice DECj (D:6)
  Pikel (D:8)
  An orc knight (D:13)
  An iron dragon zombie (D:15)
  16 ugly things
  4 manticores
  5 cyclopes
  Maurice (D:8)
  2 fire giant skeletons (D:15)
  Maggie (D:8)
  A komodo dragon (shapeshifter) (D:10)
  3 unseen horrors
  A kobold demonologist (D:10)
  A tengu conjurer (Depths:1)
  A spriggan skeleton (D:15)
  A troll (D:11)
  6 meliai
  Grinder (D:6)
  A raiju (shapeshifter) (D:14)
  A slime creature (D:13)
  A culicivora (shapeshifter) (D:10)
  A shadow (D:13)
  3 wraiths
  16 yaks
  2 vampires (D:12)
  16 humans (D:13)
  2 basilisks
  9 vampire mosquitoes
  2 steam dragons (D:8)
  5 water moccasins
  5 acid dragons
  5 orc warriors
  3 ice beasts
  A black bear (D:6)
  8 centaurs
  2 ogres (D:5)
  A lemure (D:8)
  A kobold brigand (D:7)
  8 bullfrogs
  4 scorpions
  18 killer bees
  5 howler monkeys
  2 hounds
  2 jellies
  A gnoll bouda (D:6)
  9 orc priests
  A sleepcap (D:3)
  6 iguanas
  18 orc wizards
  5 gnolls (D:6)
  9 adders
  2 shadow imps
  4 white imps
  An ufetubus (D:5)
  A worm (D:2)
  3 dart slugs
  46 orcs
  6 bats
  7 endoplasms
  A giant cockroach (D:1)
  15 goblins
  10 hobgoblins
  10 jackals
  4 quokkas
  4 ball pythons
  6 frilled lizards
  10 kobolds
  10 rats
402 creatures vanquished.

Vanquished Creatures (collateral kills)
  5 slime creatures (D:13)
5 creatures vanquished.

Vanquished Creatures (others)
  2 spectral weapons (Depths:1)
  3 withered plants (D:15)
5 creatures vanquished.

Grand Total: 412 creatures vanquished

Notes
Turn   | Place    | Note
-------+----------+-------------------------------------------
     0 | D:1      | MrMobius the Minotaur Berserker began the quest for the
                  | Orb.
     0 | D:1      | Reached XP level 1. HP: 19/19 MP: 0/0
    88 | D:1      | Reached skill level 4 in Axes
   142 | D:1      | Reached XP level 2. HP: 26/26 MP: 1/1
   388 | D:1      | Reached skill level 5 in Axes
   390 | D:1      | Reached ** piety under Trog
   391 | D:1      | Reached XP level 3. HP: 26/31 MP: 2/2
   888 | D:2      | Noticed Robin
   953 | D:2      | Noticed Sigmund
  1213 | D:2      | Reached XP level 4. HP: 39/39 MP: 3/3
  1214 | D:2      | Noticed an ogre
  1230 | D:1      | Reached skill level 6 in Axes
  2058 | D:3      | Found Uhaopeh's Weapon Emporium.
  2164 | D:3      | Reached skill level 1 in Long Blades
  2283 | D:3      | Found a burning altar of Makhleb.
  2595 | D:3      | Reached XP level 5. HP: 43/45 MP: 4/4
  3162 | D:4      | You fall into a shaft and drop 2 floors!
  3211 | D:6      | Reached skill level 7 in Axes
  3214 | D:6      | Reached XP level 6. HP: 50/51 MP: 5/5
  3263 | D:5      | Entered Level 5 of the Dungeon
  3337 | D:5      | Reached *** piety under Trog
  3460 | D:4      | Found a staircase to the Ecumenical Temple.
  3526 | Temple   | Entered the Ecumenical Temple
  3762 | D:4      | Reached skill level 8 in Axes
  3922 | D:4      | Reached XP level 7. HP: 48/57 MP: 6/6
  4357 | D:5      | Reached skill level 5 in Armour
  4360 | D:5      | Reached skill level 9 in Axes
  4587 | D:5      | Found a basalt altar of Yredelemnul.
  4590 | D:5      | Noticed a profane servitor
  4780 | D:5      | Noticed a yak
  4780 | D:5      | Noticed a yak
  4780 | D:5      | Noticed a yak
  4780 | D:5      | Noticed a yak
  4872 | D:5      | Noticed a yak
  4872 | D:5      | Noticed a yak
  4898 | D:5      | Killed a yak
  4899 | D:5      | Reached skill level 10 in Axes
  4899 | D:5      | Reached XP level 8. HP: 64/64 MP: 7/7
  4908 | D:5      | Reached skill level 11 in Axes
  5247 | D:5      | Found a glowing golden altar of the Shining One.
  5249 | D:5      | Noticed an angel
  5775 | D:6      | Reached skill level 12 in Axes
  5848 | D:6      | Reached XP level 9. HP: 70/70 MP: 8/8
  5918 | D:6      | Found a large runed translucent door.
  5918 | D:6      | Found a large runed translucent door.
  5920 | D:6      | Noticed arta456's ghost (novice DECj)
  5976 | D:6      | Killed arta456's ghost
  5980 | D:6      | Noticed Grinder
  5992 | D:6      | Killed Grinder
  6302 | D:6      | Identified the +12 glaive of the Radish {flame, Stlth+}
  6380 | D:6      | Reached skill level 5 in Dodging
  7071 | D:7      | Found Jych's Vocational Training.
  7318 | D:7      | Found Moog's Distillery.
  7409 | D:7      | Reached skill level 10 in Armour
  7643 | D:8      | Reached **** piety under Trog
  7683 | D:8      | Reached XP level 10. HP: 74/77 MP: 9/9
  7803 | D:8      | Noticed Pikel
  7819 | D:8      | Reached skill level 1 in Ranged Weapons
  7823 | D:8      | Killed Pikel
  7824 | D:8      | Reached skill level 13 in Axes
  7974 | D:8      | Found a shadowy altar of Dithmenos.
  7978 | D:8      | Found a sacrificial altar of Ru.
  8158 | D:8      | Noticed Maurice
  8193 | D:8      | Killed Maurice
  8387 | D:8      | Noticed Maggie
  8397 | D:8      | Killed Maggie
  8627 | D:9      | Found a staircase to the Orcish Mines.
  9049 | D:9      | Reached skill level 14 in Axes
  9237 | D:10     | Entered Level 10 of the Dungeon
  9310 | D:10     | Noticed an ogre mage
  9310 | D:10     | Noticed a centaur warrior
  9348 | D:10     | Identified the +4 war axe of Hufunasygi {flame, Will+ Int+3
                  | Dex+3}
  9373 | D:10     | Killed an ogre mage
  9374 | D:10     | Reached skill level 5 in Fighting
  9374 | D:10     | Reached XP level 11. HP: 62/86 MP: 10/10
  9512 | D:10     | Killed a centaur warrior
  9704 | D:10     | Found a portal to a secret trove of treasure.
  9772 | D:10     | Noticed an oklob plant
  9776 | D:10     | Found a staircase to the Lair.
  9999 | D:10     | Found Yfoco's Antique Armour Shoppe.
 10041 | D:10     | Noticed a two-headed ogre
 10050 | D:10     | Killed a two-headed ogre
 10182 | D:10     | Identified the +0 leather armour of the Moon {rC++ rCorr
                  | Stlth-}
 10205 | D:10     | Found a bloodstained altar of Trog.
 10226 | D:10     | Reached skill level 15 in Axes
 10462 | D:3      | Bought the +7 war axe "Urimemm" {flame, rC++ Dex-4} for 631
                  | gold pieces
 10934 | D:10     | Got the Disquisition on Hoarfrost and Terra Firma
 10967 | D:10     | Identified the staff of air "Etron" {Fly rElec Str-2
                  | Stlth+}
 10996 | D:10     | Noticed a tengu warrior
 11006 | D:10     | Killed a tengu warrior
 11632 | D:11     | Noticed a boulder beetle
 11663 | D:11     | Killed a boulder beetle
 11804 | D:11     | Reached skill level 5 in Ranged Weapons
 11823 | D:11     | Identified the +3 robe "Ehocsixi" {rC+ Str+5}
 12145 | D:11     | Reached XP level 12. HP: 103/103 MP: 11/11
 12266 | D:11     | Found a large runed translucent door.
 12267 | D:11     | Found a large runed translucent door.
 12273 | D:11     | Noticed Erocs's ghost (journeyman GnTm)
 12298 | D:11     | Killed Erocs's ghost
 12525 | D:12     | Reached skill level 10 in Dodging
 12529 | D:12     | Reached skill level 16 in Axes
 13023 | D:12     | Reached skill level 10 in Fighting
 13038 | D:12     | Noticed a two-headed ogre
 13047 | D:12     | Killed a two-headed ogre
 13311 | D:13     | Noticed a two-headed ogre
 13311 | D:13     | Noticed Nessos
 13311 | D:13     | Found a gate to the Vaults.
 13400 | D:13     | Identified the +2 ring mail "Jilet" {Will+ Int+5}
 13425 | D:13     | Noticed a centaur warrior
 13429 | D:13     | Killed a centaur warrior
 13522 | D:13     | Noticed a centaur warrior
 13533 | D:13     | Killed a centaur warrior
 13899 | D:13     | Killed Nessos
 13909 | D:13     | Reached skill level 17 in Axes
 13984 | D:13     | Reached XP level 13. HP: 115/117 MP: 12/12
 14939 | D:13     | Gained mutation: You sometimes lose your temper in combat.
                  | [potion of mutation]
 14939 | D:13     | Gained mutation: You have sharp toenails. [potion of
                  | mutation]
 14939 | D:13     | Gained mutation: You are partially covered in iridescent
                  | scales. (AC +2) [potion of mutation]
 14942 | D:13     | Lost mutation: You have sharp toenails. [potion of
                  | mutation]
 14942 | D:13     | Lost mutation: You sometimes lose your temper in combat.
                  | [potion of mutation]
 14942 | D:13     | Gained mutation: You are mostly covered in iridescent
                  | scales. (AC +4) [potion of mutation]
 14942 | D:13     | Gained mutation: You are covered in fur. (AC +1) [potion of
                  | mutation]
 15100 | D:14     | Identified Roxanne's Enchiridion on Topography
 15100 | D:14     | Noticed Roxanne
 15168 | D:14     | Found Jecer's Assorted Antiques.
 15177 | D:14     | Bought a potion of mutation for 264 gold pieces
 15177 | D:14     | Lost mutation: You are mostly covered in iridescent scales.
                  | (AC +4) [potion of mutation]
 15177 | D:14     | Lost mutation: You are covered in fur. (AC +1) [potion of
                  | mutation]
 15177 | D:14     | Gained mutation: You are dopey. (Int -2) [potion of
                  | mutation]
 15177 | D:14     | Lost intelligence.
 15177 | D:14     | Gained mutation: You are very dopey. (Int -4) [potion of
                  | mutation]
 15188 | D:14     | Noticed Frances
 15195 | D:14     | Killed Frances
 15774 | D:15     | Entered Level 15 of the Dungeon
 16097 | D:15     | Lost mutation: You are very dopey. (Int -4) [potion of
                  | mutation]
 16097 | D:15     | Lost mutation: You are dopey. (Int -2) [potion of mutation]
 16097 | D:15     | Lost mutation: You are partially covered in iridescent
                  | scales. (AC +2) [potion of mutation]
 16097 | D:15     | Gained mutation: You are weak. (Str -2) [potion of
                  | mutation]
 16097 | D:15     | Gained mutation: You occasionally lose the ability to drink
                  | potions when taking damage. [potion of mutation]
 16097 | D:15     | Gained mutation: You are agile. (Dex +4, Str/Int -1)
                  | [potion of mutation]
 16237 | D:15     | Found a staircase to the Depths.
 16643 | D:15     | Reached XP level 14. HP: 129/129 MP: 13/13
 16753 | D:15     | Found an iron altar of Okawaru.
 17254 | Depths:1 | Entered Level 1 of the Depths
 17256 | Depths:1 | Found a gateway to Hell.
 17266 | Depths:1 | Noticed a green very ugly thing
 17268 | Depths:1 | Noticed a green very ugly thing
 17272 | Depths:1 | Noticed a green very ugly thing
 17273 | Depths:1 | Noticed a green very ugly thing
 17279 | Depths:1 | Killed a white very ugly thing
 17281 | Depths:1 | Killed a green very ugly thing
 17282 | Depths:1 | Killed a green very ugly thing
 17291 | Depths:1 | Killed a green very ugly thing
 17379 | Depths:1 | Found a one-way gateway to a ziggurat.
 17407 | Depths:1 | Noticed a lich
 17409 | Depths:1 | Noticed a cyan very ugly thing
 17410 | Depths:1 | Noticed a stone giant
 17411 | Depths:1 | Noticed a fire giant
 17428 | Depths:1 | Killed a lich
 17431 | Depths:1 | Killed a cyan very ugly thing
 17439 | Depths:1 | Noticed a frost giant
 17440 | Depths:1 | HP: 7/195 [ettin/+0 dire flail (30)]
 17440 | Depths:1 | Mangled by an ettin

Illustrated notes

Levels and vault maps discovered:
D:1:      matt_arrival_los_fun, layout_loops_cross, minmay_ruptured
D:2:      layout_loops_cross, hangedman_decor_points, minmay_tetromino_t2,
          uniq_robin, uniq_sigmund
D:3:      layout_loops_ring, general_overflow_altar, serial_shops, shop
D:4:      layout_rooms, minmay_temple_entry_antechambers
D:5:      cheibrodos_quashed, layout_basic, grunt_temple_overflow_holy_war
D:6:      layout_gridville, ebering_ghost_disaster_area, kennysheep_donut,
          uniq_grinder
D:7:      layout_rooms, serial_shops, kennysheep_little_box,
          nicolae_shop_vocational
D:8:      layout_cave_pools, grunt_temple_overflow_open, uniq_maurice,
          uniq_maggie, uniq_pikel
D:9:      layout_irregular_city, orc_0_dummy
D:10:     minmay_tri_box, layout_irregular_city, trog_butcher_becter,
          dpeg_oklobed_lair, enter_trove_0, serial_shops, nicolae_diamond_shop
D:11:     layout_basic, ebering_ghost_disaster_area, minmay_misc_feat_plants,
          lemuel_nasty_fountain
D:12:     layout_small_grid
D:13:     layout_long_grid, david_vaults_3, st_stairs_6
D:14:     layout_rooms, serial_shops, shop, chequers_serial_rivers_micro_d,
          uniq_frances, uniq_roxanne
D:15:     gammafunk_depths_entry_grave, layout_stronghold, serial_column_ruins,
          column_ruins_hut_pillars, column_ruins_corridor_straight,
          column_ruins_open_tiny, column_ruins_grid_3,
          column_ruins_corridor_straight, column_ruins_columns_straight,
          okawaru_gym_becter
Temple:   eino_temple_rhombus
Depths:1: minmay_angry_zag, layout_cave_pools, enter_ziggurat_e, fedhas_altar_1,
          hell_entry, minmay_crystal_water, grunt_ministairs_9,
          kennysheep_kite_vault

Skill      XL: |  1  2  3  4  5  6  7  8  9 10 11 12 13 14 |
---------------+-------------------------------------------+-----
Axes           | 4 5 6 7 8 10 12 14 15 17 | 17.5
Long Blades    | 2 |  2.5
Armour         | 3 4 6 7 10 12 13 | 13.2
Dodging        | 6 8 9 11 13 14 | 14.2
Ranged Weapons | 3 5 |  5.5
Fighting       | 5 8 11 13 | 13.9

Action                     |  1- 3 |  4- 6 |  7- 9 | 10-12 | 13-15 || total
---------------------------+-------+-------+-------+-------+-------++-------
  Melee: Hand axe          |    98 |   107 |   172 |    36 |       ||   413
         Headbutt          |    10 |    21 |    33 |    63 |    59 ||   186
         Long sword        |       |     9 |       |       |       ||     9
         Punch             |       |       |     3 |     4 |       ||     7
         War axe           |       |       |       |   363 |   127 ||   490
         Battleaxe         |       |       |       |       |   120 ||   120
   Fire: Sling             |     3 |       |       |       |       ||     3
         Shortbow          |       |       |     4 |       |       ||     4
 Invoke: Berserk           |     1 |     4 |    15 |    19 |    10 ||    49
         Trog's Hand       |       |     3 |     2 |     8 |     5 ||    18
         Brothers in Arms  |       |       |       |     2 |       ||     2
  Evoke: Wand              |       |       |     1 |    24 |     3 ||    28
    Use: Scroll            |     3 |     8 |    11 |    13 |     7 ||    42
         Potion            |       |     1 |     2 |     9 |     9 ||    21
   Stab: Petrified         |       |       |       |       |     4 ||     4
         Distracted        |       |       |       |       |     4 ||     4
 Armour: Animal skin       |    10 |       |       |       |       ||    10
         Ring mail         |    17 |     7 |       |       |       ||    24
         Scale mail        |       |    41 |    21 |       |       ||    62
         Chain mail        |       |       |    77 |       |       ||    77
         Plate armour      |       |       |       |   225 |   115 ||   340
         Skin              |       |       |       |       |     7 ||     7
  Dodge: Dodged            |    51 |    64 |    90 |   132 |    81 ||   418
  Block: Other             |       |       |       |    37 |    17 ||    54
         Reflection        |       |       |       |    14 |     9 ||    23
         Buckler           |       |       |       |    46 |    52 ||    98
